[Event "*** Titled Tuesday Blitz"]
[Site "Chess.com"]
[Date "2020.04.21"]
[Round "2"]
[White "lukas_111111"]
[Black "PavlovDanila"]
[Result "0-1"]
[WhiteElo "2513"]
[BlackElo "2755"]
[TimeControl "180+1"]
[EndTime "10:15:53 PDT"]
[Termination "PavlovDanila won by resignation"]

1. e4 e6 2. d4 d5 3. Nd2 Nf6 4. e5 Nfd7 5. Bd3 c5 6. c3 Nc6 7. Ngf3 g5 8. g4 Qb6 9. dxc5 Qc7 10. O-O h5 11. Nxg5 Ndxe5 12. Bb5 hxg4 13. f4 Bxc5+ 14. Kg2 Ng6 15. Qxg4 a6 16. Bd3 e5 17. f5 e4 18.
Ndf3 Nge7 19. Bf4 Bd6 20. Bxd6 Qxd6 21. Bxe4 dxe4 22. Nxe4 Qh6 23. Rad1 Bxf5 24. Rd6 Bxg4 0-1

[Event "*** Titled Tuesday Blitz"]
[Site "Chess.com"]
[Date "2020.04.21"]
[Round "2"]
[White "White_Ghost"]
[Black "hazy13"]
[Result "1-0"]
[WhiteElo "2440"]
[BlackElo "2209"]
[TimeControl "180+1"]
[EndTime "10:15:53 PDT"]
[Termination "White_Ghost won by resignation"]

1. d4 d5 2. c4 c6 3. cxd5 cxd5 4. Nc3 Nf6 5. Bf4 e6 6. e3 Be7 7. Rc1 O-O 8. Bd3 a6 9. Nge2 Nc6 10. h3 Bd7 11. O-O Rc8 12. Bh2 Na5 13. Na4 Nc4 14.
Bxc4 dxc4 15. Nac3 b5 16. a3 Bc6 17. f3 Qd7 18. Qc2 Qb7 19. Rfd1 a5 20. Be5 b4 21. axb4 axb4 22. Nb1 Nd5 23. Kf2 b3 24. Qxc4 Nxe3 25. Kxe3 Bxf3 26. Qd3 Bxg2 27. Kf2 Be4 28. Qg3 f6 29.
Rg1 Bb4 30. Bc7 Bc2 1-0

[Event "*** Titled Tuesday Blitz"]
[Site "Chess.com"]
[Date "2020.04.21"]
[Round "2"]
[White "AniJak"]
[Black "axvesik"]
[Result "1-0"]
[WhiteElo "2264"]
[BlackElo "2453"]
[TimeControl "180+1"]
[EndTime "10:15:55 PDT"]
[Termination "AniJak won by resignation"]

1. e3 Nf6 2. c4 e6 3. Nc3 d5 4. cxd5 exd5 5. d4 Be7 6. Bd3 O-O 7. Nge2 c5 8. dxc5 Bxc5 9. b3 Nc6 10.
Bb2 Be6 11. O-O Qd7 12. Rc1 Be7 13. Bb1 Bf5 14. Bxf5 Qxf5 15. Nb5 Ne4 16. Nbd4 Nxd4 17. Nxd4 Qd7 18. Qd3 Bf6 19. Ba3 Rfc8 20. h3 g6 21. Rfd1 Rxc1 22. Rxc1 Rc8 23. Rxc8+ Qxc8 24. Ne2 Qd7 25. Nf4 d4 26. Qxe4 dxe3 27. Qxe3 Kg7 28. Qxa7 Qd1+ 29. Kh2 Qd2 30. Qe3 Qxa2 31. Bd6 Qb2 32.
Nd5 Bd4 33. Qe4 h5 34. Qe8 Qxf2 35. Be5+ Bxe5+ 36. Qxe5+ Kh7 37. Nf6+ Kh6 38. Ne4 1-0

[Event "*** Titled Tuesday Blitz"]
[Site "Chess.com"]
[Date "2020.04.21"]
[Round "2"]
[White "Omk124"]
[Black "AryanTari"]
[Result "0-1"]
[WhiteElo "2355"]
[BlackElo "2904"]
[TimeControl "180+1"]
[EndTime "10:15:58 PDT"]
[Termination "AryanTari won by resignation"]

1. e4 c6 2. c4 d5 3. exd5 cxd5 4. cxd5 Nf6 5. Nc3 Nxd5 6. Nf3 g6 7. Bb5+ Nc6 8. O-O Bg7 9. d4 O-O 10. Re1 Bg4 11. Be3 Nxc3 12. bxc3 Qa5 13. Bxc6 bxc6 14. Bd2 c5 15. dxc5 Qxc5 16. h3 Bf5 17. Rc1 Rad8 18.
Qe2 e5 19. Be3 Qc7 20. Qa6 Rd7 21. c4 Bd3 22. Qa3 e4 23. Nd2 f5 24. g3 Be5 25.
Bh6 Rb8 26. Nb3 Bxg3 27. Nc5 Bxf2+ 28. Kxf2 Qh2+ 0-1

[Event "*** Titled Tuesday Blitz"]
[Site "Chess.com"]
[Date "2020.04.21"]
[Round "2"]
[White "731291"]
[Black "Nitzan_Steinberg"]
[Result "0-1"]
[WhiteElo "2576"]
[BlackElo "2850"]
[TimeControl "180+1"]
[EndTime "10:15:59 PDT"]
[Termination "Nitzan_Steinberg won by resignation"]

1. d4 d5 2. Nf3 Nf6 3. c4 c6 4. e3 Bf5 5. Nc3 e6 6. Bd3 Bg6 7. O-O Nbd7 8. b3 Bd6 9. Bb2 O-O 10. Bxg6 hxg6 11. Qe2 e5 12. dxe5 Nxe5 13. cxd5 cxd5 14. Rfd1 Nxf3+ 15. Qxf3 Be5 16. Na4 Qe7 17. Rac1 Rac8 18. Bxe5 Qxe5 19. Qg3 Qf5 20. Nc3 Rxc3 21. Rxc3 Ne4 22. Qc7 Qxf2+ 23. Kh1 Nxc3 24. Qxc3 Re8 25. h3 Rxe3 26. Qc8+ Kh7 27. Qxb7 Rxh3+ 28. gxh3 Qf3+ 29. Kh2 Qxd1 30. Qxa7 d4 31. Qe7 f6 32. Kg2 Qc2+ 33. Kf3 Qxa2 34. b4 Qb3+ 35. Ke2 d3+ 36. Ke1 Qb1+ 0-1

[Event "*** Titled Tuesday Blitz"]
[Site "Chess.com"]
[Date "2020.04.21"]
[Round "2"]
[White "gena217"]
[Black "Bykov_Egor"]
[Result "1-0"]
[WhiteElo "2906"]
[BlackElo "2599"]
[TimeControl "180+1"]
[EndTime "10:16:00 PDT"]
[Termination "gena217 won by resignation"]

1. e4 e5 2. Nf3 Nc6 3. Bb5 a6 4. Ba4 Nf6 5. O-O Be7 6. d3 b5 7.
Bb3 d6 8. a3 O-O 9. Nc3 Bg4 10.
Be3 Nd4 11. Bxd4 exd4 12. Nd5 Nd7 13. h3 Bxf3 14. Qxf3 c6 15. Nxe7+ Qxe7 16. Qg3 a5 17. f4 Nb6 18. Rae1 c5 19. e5 c4 20. f5 Qd7 21. f6 g6 22. Qg5 Kh8 23. Ba2 Rae8 24. Rf4 Rg8 25. Rxd4 Qe6 26. Rxd6 Qxd6 27. exd6 Rxe1+ 28. Kh2 Re6 29. Qc5 Rc8 30. Qxb6 1-0

[Event "*** Titled Tuesday Blitz"]
[Site "Chess.com"]
[Date "2020.04.21"]
[Round "2"]
[White "luca_va99"]
[Black "pooh2012"]
[Result "0-1"]
[WhiteElo "2058"]
[BlackElo "2498"]
[TimeControl "180+1"]
[EndTime "10:16:00 PDT"]
[Termination "pooh2012 won by resignation"]

1. d4 Nf6 2. c4 e6 3. Nc3 Bb4 4. Qc2 O-O 5. Nf3 c5 6. dxc5 Na6 7. g3 Nxc5 8. Bg2 b6 9. O-O Bb7 10. Nb5 Be4 11. Qd1 Nb7 12. a3 Be7 13. b4 a6 14.
Nc3 d5 15. cxd5 exd5 16. Bb2 Nd6 17. Rc1 Rc8 18. Nxe4 dxe4 19. Ne5 Qe8 20. Qd4 Qb5 21. Nd7 Qxd7 22. Qxb6 Nc4 23. Qxa6 Nxb2 24. Rb1 Nc4 25.
Qa5 0-1

[Event "*** Titled Tuesday Blitz"]
[Site "Chess.com"]
[Date "2020.04.21"]
[Round "2"]
[White "MattyDPerrine"]
[Black "baag"]
[Result "0-1"]
[WhiteElo "2316"]
[BlackElo "2641"]
[TimeControl "180+1"]
[EndTime "10:16:01 PDT"]
[Termination "baag won by resignation"]

1. Nf3 g6 2. c4 Bg7 3. d4 Nf6 4. g3 O-O 5. Bg2 d6 6. O-O Nc6 7. Nc3 e5 8. d5 Nb8 9. e4 a5 10. h3 Na6 11. Be3 b6 12. Nd2 Nc5 13. b3 Nfd7 14.
g4 Nd3 15. Rb1 Nf4 16. Bxf4 exf4 17. Ne2 g5 18. Nf3 Ne5 19. Nxe5 Bxe5 20. Nd4 Qf6 21. Nf5 h5 22. Bf3 hxg4 23. hxg4 Bxf5 24. exf5 Kg7 25.
Kg2 a4 26. b4 a3 27. Qb3 Bb2 28. Rh1 Rh8 29. Qd3 Rae8 30. Rxh8 Rxh8 31. Rh1 Re8 32. Bd1 Qc3 33. Qxc3+ Bxc3 34. b5 Re4 35.
Bb3 Re2 36. Kf3 Rb2 37. Rf1 Rxb3 38. axb3 a2 0-1

[Event "*** Titled Tuesday Blitz"]
[Site "Chess.com"]
[Date "2020.04.21"]
[Round "2"]
[White "GamayevOleg"]
[Black "fidezivkovic"]
[Result "1-0"]
[WhiteElo "2555"]
[BlackElo "2291"]
[TimeControl "180+1"]
[EndTime "10:16:01 PDT"]
[Termination "GamayevOleg won by resignation"]

1. d3 d5 2. e4 dxe4 3. dxe4 Qxd1+ 4. Kxd1 Nf6 5. f3 e5 6. Nd2 c6 7. c3 Be6 8. Kc2 Nbd7 9. Bc4 Bxc4 10. Nxc4 Bc5 11. a4 a5 12. Ne2 h6 13. Rd1 Ke7 14.
Bd2 Rhd8 15. Be1 Ne8 16. Bg3 f6 17. Rd2 Nd6 18. Nxd6 Bxd6 19. Rad1 Nc5 20. b3 Bc7 21. Rxd8 Rxd8 22. Rxd8 Kxd8 23. Bf2 Ne6 24. Be3 h5 25. Nc1 g6 26. h3 Kd7 27. Nd3 b5 28. Nc5+ Nxc5 29.
Bxc5 f5 30. g4 Ke6 31. Kd3 Kf6 32. Be3 Ke6 33. axb5 cxb5 34. c4 bxc4+ 35. Kxc4 fxe4 36. fxe4 hxg4 37. hxg4 Bd8 38. Kb5 Kf6 39. Bd2 Bc7 40.
Bxa5 Bxa5 41. Kxa5 Kg5 42. b4 Kxg4 43. b5 Kf3 44. b6 g5 45. b7 g4 46. b8=Q Kxe4 47.
Qb7+ Kf4 48. Qg2 e4 49. Kb4 e3 50. Kc3 g3 51. Kd3 Kg4 52. Kxe3 1-0

[Event "*** Titled Tuesday Blitz"]
[Site "Chess.com"]
[Date "2020.04.21"]
[Round "2"]
[White "Quattroporte300"]
[Black "Mizner"]
[Result "0-1"]
[WhiteElo "2276"]
[BlackElo "2516"]
[TimeControl "180+1"]
[EndTime "10:16:03 PDT"]
[Termination "Mizner won by resignation"]

1. e4 e6 2. d4 d5 3. Nd2 c5 4. Ngf3 cxd4 5. Nxd4 Nc6 6. Bb5 Bd7 7. Nxc6 bxc6 8.
Bd3 Qc7 9. O-O Ne7 10. b3 Ng6 11. Re1 Bd6 12. h3 Bh2+ 13. Kh1 Be5 14. Rb1 Bd4 15. Qf3 O-O 16. Bb2 Bxb2 17. Rxb2 Qa5 18. c4 Ne5 19.
Qg3 Qc3 20. exd5 Nxd3 0-1

[Event "*** Titled Tuesday Blitz"]
[Site "Chess.com"]
[Date "2020.04.21"]
[Round "2"]
[White "tigra"]
[Black "eldur16"]
[Result "1-0"]
[WhiteElo "2785"]
[BlackElo "2540"]
[TimeControl "180+1"]
[EndTime "10:16:04 PDT"]
[Termination "tigra won by resignation"]

1. e4 Nf6 2. e5 Nd5 3. d4 d6 4. Nf3 Bg4 5. c4 Nb6 6. exd6 cxd6 7.
Nc3 g6 8. h3 Bxf3 9. Qxf3 Nc6 10. Be3 Bg7 11. Rd1 O-O 12. Be2 e6 13. O-O Rc8 14.
b3 d5 15. c5 Nd7 16. Na4 a6 17. a3 f5 18. Qg3 Nf6 19. Qh2 Ne4 20. Bf3 Rc7 21. b4 Rcf7 22. Bxe4 fxe4 23. Qg3 e5 24. dxe5 Bxe5 25. Qg4 Rf5 26. Nb6 Bc7 27. Nxd5 Bd6 1-0

[Event "*** Titled Tuesday Blitz"]
[Site "Chess.com"]
[Date "2020.04.21"]
[Round "2"]
[White "Trankuilizer"]
[Black "hitaman"]
[Result "1-0"]
[WhiteElo "2505"]
[BlackElo "2688"]
[TimeControl "180+1"]
[EndTime "10:16:04 PDT"]
[Termination "Trankuilizer won by resignation"]

1. e4 c5 2. c3 d5 3. exd5 Qxd5 4. d4 Nf6 5. Nf3 g6 6. Qb3 Qxb3 7. axb3 Nbd7 8. Be3 cxd4 9. Nxd4 Nd5 10. Bd2 Bg7 11. Nb5 O-O 12. Rxa7 Rb8 13. Bc4 N7b6 14. O-O Nxc4 15.
bxc4 Nb6 16. b3 Bd7 17. Bf4 e5 18. Be3 Nc8 19. Ra2 b6 20. Rd1 Bf5 21. N1a3 Ra8 22. Rad2 Ra6 23. h3 h5 24. c5 Be4 25. Nc4 Bc6 26. Nc7 1-0

[Event "*** Titled Tuesday Blitz"]
[Site "Chess.com"]
[Date "2020.04.21"]
[Round "2"]
[White "picturesquecheck"]
[Black "Algeriano22"]
[Result "0-1"]
[WhiteElo "2191"]
[BlackElo "2630"]
[TimeControl "180+1"]
[EndTime "10:16:06 PDT"]
[Termination "Algeriano22 won by resignation"]

1. e4 e5 2. Nf3 Nc6 3. Bb5 a6 4. Ba4 d6 5. c3 Bd7 6. d4 g6 7.
Bg5 f6 8. Be3 Bg7 9. O-O Qe7 10.
Re1 Nh6 11. h3 O-O 12. Nbd2 Nf7 13. Nf1 f5 14. exf5 gxf5 15. dxe5 dxe5 16. b4 b6 17.
Qc2 Nd6 18. Rad1 Rad8 19. Bg5 Bf6 20. Bxf6 Qxf6 21. Bxc6 Bxc6 22. Nxe5 Be4 23. Qb3+ Kh8 24. Nc4 Nb5 25. Nce3 Qxc3 26. Ng3 Qxb3 27. axb3 Bd3 28.
Ra1 f4 29. Nc4 fxg3 30. fxg3 Nd4 0-1

[Event "*** Titled Tuesday Blitz"]
[Site "Chess.com"]
[Date "2020.04.21"]
[Round "2"]
[White "igorkovalenko"]
[Black "GmSergioBarrientos"]
[Result "1-0"]
[WhiteElo "2872"]
[BlackElo "2589"]
[TimeControl "180+1"]
[EndTime "10:16:07 PDT"]
[Termination "igorkovalenko won by resignation"]

1. d4 Nf6 2. Nf3 e6 3. c4 c5 4. e3 cxd4 5. exd4 d5 6. Nc3 Be7 7. cxd5 Nxd5 8. Bd3 Nc6 9. O-O O-O 10. Re1 h6 11.
Bc2 Ncb4 12. Bb1 b6 13. Ne4 Bb7 14. a3 Nc6 15. Qd3 f5 16. Nc3 Qd7 17. Nxd5 exd5 18.
Bf4 Rae8 19. Ba2 Kh8 20. Qd2 Kh7 21. Bb3 Bd6 22. Ba4 Re4 23. Bxd6 Qxd6 24. Bxc6 Bxc6 25. Ne5 Bb5 26. Rac1 Rxe1+ 27. Qxe1 Re8 28. f4 Re7 29. Qc3 Bc4 30. h3 a5 31. Kh2 a4 32. Qg3 b5 33. h4 g6 34. Re1 Qf6 35. Re3 Re6 36. Qh3 Qe7 37. h5 gxh5 38. Qxf5+ Kh8 39. Ng6+ Kg7 40.
Nxe7 Rxe3 41. Qg6+ Kf8 42. Nf5 1-0

[Event "*** Titled Tuesday Blitz"]
[Site "Chess.com"]
[Date "2020.04.21"]
[Round "2"]
[White "HansCoolNiemann"]
[Black "Carnivoras"]
[Result "1-0"]
[WhiteElo "2958"]
[BlackElo "2603"]
[TimeControl "180+1"]
[EndTime "10:16:08 PDT"]
[Termination "HansCoolNiemann won by resignation"]

1. Nf3 d5 2. b3 Nf6 3. Bb2 Bf5 4. e3 e6 5. Nh4 Bg6 6. Nxg6 hxg6 7.
g3 Nbd7 8. Bg2 Bd6 9. d3 Qe7 10. a3 c6 11. Nd2 e5 12. Qe2 O-O 13. g4 d4 14. Nc4 Nd5 15. h4 Bc5 16. b4 Bxb4+ 17.
axb4 Qxb4+ 18. Qd2 Nc3 19. Ba3 Qa4 20. O-O Rfe8 21.
Bb2 Qb4 22. Rfb1 Rac8 23. Bxc3 Qxc3 24. Qxc3 dxc3 25. Nd6 Nc5 26. Nxe8 1-0

[Event "*** Titled Tuesday Blitz"]
[Site "Chess.com"]
[Date "2020.04.21"]
[Round "2"]
[White "Harut-1998"]
[Black "almaguerjm"]
[Result "1-0"]
[WhiteElo "2621"]
[BlackElo "2327"]
[TimeControl "180+1"]
[EndTime "10:16:09 PDT"]
[Termination "Harut-1998 won by resignation"]

1. d4 Nf6 2. Nf3 c5 3. d5 e6 4. c4 exd5 5. cxd5 d6 6. Nc3 g6 7. g3 Bg7 8. Bg2 O-O 9. O-O Re8 10. Bf4 Ne4 11. Nxe4 Rxe4 12. Nd2 Rb4 13. a3 Rxf4 14. gxf4 Bxb2 15. Rb1 Bxa3 16. e4 b5 17. e5 Nd7 18.
Ne4 dxe5 19. d6 Rb8 20. fxe5 Nxe5 21. Rb3 Bb4 22. Qa1 f6 23. Qxa7 Be6 24. Nxf6+ Qxf6 25. Qxb8+ Kg7 26. Re3 Nf7 27. Qe8 Bc4 28. d7 Bxf1 29. Rf3 Bxg2 30. Rxf6 Kxf6 31. d8=Q+ 1-0

[Event "*** Titled Tuesday Blitz"]
[Site "Chess.com"]
[Date "2020.04.21"]
[Round "2"]
[White "fusaran"]
[Black "cottage_cheese"]
[Result "1-0"]
[WhiteElo "2455"]
[BlackElo "2224"]
[TimeControl "180+1"]
[EndTime "10:16:09 PDT"]
[Termination "fusaran won by resignation"]

1. e4 e6 2. d4 d5 3. Nd2 h6 4.
Bd3 c5 5. exd5 exd5 6. Qe2+ Qe7 7. Ngf3 Qxe2+ 8. Bxe2 Nc6 9. O-O Nf6 10. Bb5 Be6 11. Re1 c4 12. Ne5 Rc8 13. b3 Be7 14. bxc4 dxc4 15. Nxc6 bxc6 16. Bxc4 Bd5 17. Ba3 Rc7 18. Rab1 1-0

[Event "*** Titled Tuesday Blitz"]
[Site "Chess.com"]
[Date "2020.04.21"]
[Round "2"]
[White "gammagramma"]
[Black "Jadro9"]
[Result "0-1"]
[WhiteElo "2496"]
[BlackElo "2713"]
[TimeControl "180+1"]
[EndTime "10:16:10 PDT"]
[Termination "Jadro9 won by resignation"]

1. d4 d5 2. Nf3 Nf6 3. c4 e6 4. g3 Be7 5. Bg2 O-O 6. O-O Nbd7 7. Nbd2 c6 8. Qc2 b6 9. e4 dxc4 10. Nxc4 Bb7 11. Rd1 c5 12. Nfe5 cxd4 13. Rxd4 Qc7 14. Nxd7 Nxd7 15. Ne3 Qxc2 16. Nxc2 Rfd8 17. Be3 Bf6 18.
Rb4 Ne5 19. f4 Nd3 20. Rb3 Rac8 21. Nb4 Nxb4 22. Rxb4 Rc2 23. Re1 Bxb2 24. Ra4 a6 25. Bxb6 Rdd2 26. Bf1 Rxh2 27. Bxa6 Bxa6 28. Rxa6 h5 29. a4 Rhg2+ 30. Kf1 Rxg3 31. Re2 Rxe2 32. Kxe2 h4 33. a5 h3 34. Ra8+ Kh7 35. Rc8 h2 0-1

[Event "*** Titled Tuesday Blitz"]
[Site "Chess.com"]
[Date "2020.04.21"]
[Round "2"]
[White "TST2014"]
[Black "Ave_Mariia"]
[Result "1-0"]
[WhiteElo "2590"]
[BlackElo "2303"]
[TimeControl "180+1"]
[EndTime "10:16:11 PDT"]
[Termination "TST2014 won by resignation"]

1. d4 Nf6 2. c4 g6 3. Nf3 Bg7 4. Nc3 O-O 5. e4 d6 6. Be2 e5 7. O-O Nc6 8. d5 Ne7 9. b4 Nh5 10. g3 f5 11. Ng5 Nf6 12. Bf3 Rb8 13. a4 h6 14. Ne6 Bxe6 15. dxe6 c6 16. Ba3 d5 17.
cxd5 fxe4 18. Nxe4 Nxe4 19. Bxe4 cxd5 20. b5 dxe4 21. Qxd8 Rfxd8 22. Bxe7 Re8 23. Bc5 b6 24. Be3 Rxe6 25. Rac1 Bf8 26. Rc7 Re7 27. Rfc1 Rd8 28. Rxe7 Bxe7 29. Rc7 Bg5 30. Bxg5 hxg5 31. Rxa7 Rd4 32.
a5 bxa5 33. b6 1-0

[Event "*** Titled Tuesday Blitz"]
[Site "Chess.com"]
[Date "2020.04.21"]
[Round "2"]
[White "grunbergmihai"]
[Black "starworld123"]
[Result "1-0"]
[WhiteElo "2371"]
[BlackElo "2638"]
[TimeControl "180+1"]
[EndTime "10:16:12 PDT"]
[Termination "grunbergmihai won by resignation"]

1. Nf3 d5 2. c4 d4 3. e3 Nc6 4. exd4 Nxd4 5. d3 Bg4 6. Be2 Nxe2 7.
Qxe2 Nf6 8. Nc3 e6 9. h3 Bh5 10.
O-O Be7 11. Ne4 O-O 12. Ng3 Bg6 13. d4 c5 14. Rd1 cxd4 15. Nxd4 Qc8 16. Be3 Rd8 17. Rac1 a6 18. b3 e5 19. Nf3 Qe6 20. Nh4 Nd7 21. Nxg6 hxg6 22. Ne4 f5 23. Nc3 Nf6 24. Bg5 Bb4 25. Bxf6 Rxd1+ 26. Qxd1 Bxc3 27. Bxg7 Bd4 28. Bh6 f4 29. Bxf4 Bxf2+ 30. Kxf2 Rf8 31. Kg1 Qb6+ 32. c5 Qf6 33. Qd5+ Rf7 34. Bxe5 Qf2+ 35. Kh1 1-0

[Event "*** Titled Tuesday Blitz"]
[Site "Chess.com"]
[Date "2020.04.21"]
[Round "2"]
[White "IsikCan"]
[Black "Kosche007"]
[Result "1-0"]
[WhiteElo "2647"]
[BlackElo "2320"]
[TimeControl "180+1"]
[EndTime "10:16:14 PDT"]
[Termination "IsikCan won on time"]

1. e4 c6 2. d4 d5 3. e5 c5 4.
dxc5 e6 5. a3 Bxc5 6. b4 Bb6 7.
Nf3 Ne7 8. Bb2 O-O 9. Bd3 Ng6 10. O-O Nf4 11. c4 Nxd3 12. Qxd3 dxc4 13. Qxc4 Nc6 14.
Nc3 Bd7 15. Rfd1 Qe7 16. Qg4 Rad8 17. Ne4 Kh8 18. Nf6 Bc8 19. Qe4 g6 20. Qh4 h5 21.
Qg5 Kg7 22. Nxh5+ Kh7 23. Nf6+ Kg7 24. b5 Na5 25. Nh5+ 1-0

[Event "*** Titled Tuesday Blitz"]
[Site "Chess.com"]
[Date "2020.04.21"]
[Round "2"]
[White "StockholmMissile"]
[Black "Sjakkerntobi"]
[Result "1-0"]
[WhiteElo "2453"]
[BlackElo "2222"]
[TimeControl "180+1"]
[EndTime "10:16:15 PDT"]
[Termination "StockholmMissile won by resignation"]

1. d4 d5 2. c4 e6 3. Nf3 Nf6 4. Bg5 Be7 5. e3 h6 6. Bxf6 Bxf6 7. Qc2 O-O 8. h4 c6 9. g4 Be7 10. g5 h5 11. g6 Nd7 12. Nbd2 Nf6 13. Ne5 fxg6 14.
Nxg6 Rf7 15. Be2 c5 16. Ne5 Rf8 17. Rg1 Qe8 18. O-O-O cxd4 19. Rxg7+ Kxg7 20. Rg1+ Kh8 21.
Ng6+ Kg7 22. Nxe7+ Kf7 23. Ng6 Rg8 24. Nf3 Ng4 25. Nfe5+ Nxe5 26. Nxe5+ Kf6 27. Rxg8 Qxg8 28. exd4 Qg1+ 29. Bd1 b5 30. Qd2 Qxf2 1-0

[Event "*** Titled Tuesday Blitz"]
[Site "Chess.com"]
[Date "2020.04.21"]
[Round "2"]
[White "AshotParvanyan"]
[Black "ElGasanov"]
[Result "0-1"]
[WhiteElo "2512"]
[BlackElo "2744"]
[TimeControl "180+1"]
[EndTime "10:16:16 PDT"]
[Termination "ElGasanov won by resignation"]

1. Nf3 d5 2. d4 Bf5 3. c4 e6 4. Nc3 Nf6 5. cxd5 exd5 6. Qb3 Nc6 7. a3 Na5 8. Qa4+ c6 9. Bg5 Be7 10. e3 O-O 11. Be2 b5 12. Qd1 Nc4 13. Qc1 a5 14. O-O a4 15. Rd1 Re8 16. Nd2 h6 17. Bf4 Bd6 18. Bxd6 Qxd6 19. Nxc4 bxc4 20. Qd2 Reb8 21.
Re1 Ne4 22. Nxe4 Bxe4 23. f3 Bg6 24. e4 Rb3 25. Bf1 Rab8 26. Rab1 c3 27. Qc2 Rxb2 28. Rxb2 cxb2 29. Rb1 dxe4 30. fxe4 Qxd4+ 31. Kh1 Bxe4 0-1

[Event "*** Titled Tuesday Blitz"]
[Site "Chess.com"]
[Date "2020.04.21"]
[Round "2"]
[White "sboshaon21"]
[Black "whogeeyao"]
[Result "1-0"]
[WhiteElo "2050"]
[BlackElo "2352"]
[TimeControl "180+1"]
[EndTime "10:16:17 PDT"]
[Termination "sboshaon21 won by resignation"]

1. d4 Nf6 2. c4 g6 3. Nc3 d5 4.
Bg5 Bg7 5. e3 O-O 6. Nf3 c5 7.
Bxf6 Bxf6 8. cxd5 cxd4 9. Nxd4 Qb6 10. Nb3 Nd7 11. Be2 Rd8 12. O-O Nc5 13. Nxc5 Qxc5 14. Qb3 Bf5 15. e4 Bxc3 16. exf5 Bd4 17. fxg6 hxg6 18.
Bf3 Rab8 19. Rac1 Qd6 20. g3 Qf6 21. Bg2 Bxb2 22. Rc7 Bd4 23. Rxb7 Rbc8 24. h4 Rc3 25. Qb1 Rxg3 26. Qe4 Rg4 27. Qxg4 1-0

[Event "*** Titled Tuesday Blitz"]
[Site "Chess.com"]
[Date "2020.04.21"]
[Round "2"]
[White "Rap_woyska"]
[Black "joppie2"]
[Result "0-1"]
[WhiteElo "2357"]
[BlackElo "2922"]
[TimeControl "180+1"]
[EndTime "10:16:19 PDT"]
[Termination "joppie2 won by resignation"]

1. c4 e5 2. Nc3 Nf6 3. Nf3 Nc6 4. e3 Bb4 5. Qc2 d6 6. Be2 O-O 7. O-O Bxc3 8. Qxc3 e4 9. Nd4 Ne5 10. f4 exf3 11.
Nxf3 Re8 12. d3 Nxf3+ 13. Bxf3 d5 14. cxd5 Nxd5 15. Qd4 Nb6 16. Qxd8 Rxd8 17. d4 c6 18. Bd2 Be6 19. b3 a5 20. Rab1 f5 21. Bc3 Nd5 22.
Bd2 Rd7 23. g3 a4 24. bxa4 Rxa4 25. Rb2 Ra3 26. Kf2 Nf6 27. Ra1 Bd5 28. Bb4 Ra8 29.
a4 Kf7 30. a5 g5 31. Be1 Be4 32. Ra3 Kg6 33. Rab3 Ra7 34. Rb4 Re7 35. R4b3 h6 36. Ra3 Bd5 37. Rc3 h5 38. Ra3 Ng4+ 39. Bxg4 hxg4 40. Ke2 Be4 41. Kd1 Ra8 42. Rab3 Ra7 43.
Ra3 Bd5 44. Ra1 Ra8 45. Rab1 Bf3+ 46. Kd2 Ra7 47. Bf2 Rh7 48. Rxb7 Rhxb7 49. Rxb7 Rxb7 0-1

[Event "*** Titled Tuesday Blitz"]
[Site "Chess.com"]
[Date "2020.04.21"]
[Round "2"]
[White "icychess54"]
[Black "mbachez"]
[Result "0-1"]
[WhiteElo "2187"]
[BlackElo "2433"]
[TimeControl "180+1"]
[EndTime "10:16:19 PDT"]
[Termination "mbachez won by resignation"]

1. c4 e5 2. Nf3 Nc6 3. Nc3 Nf6 4. e3 Bb4 5. Qc2 O-O 6. Be2 Re8 7. O-O Bxc3 8.
Qxc3 d6 9. a3 a5 10. b3 Bf5 11.
d3 h6 12. Bb2 Ne7 13. b4 Ng6 14. e4 Bg4 15. h3 Nf4 16. Qd2 Bxh3 17. gxh3 Qc8 18.
Nxe5 dxe5 19. Bxe5 Nxe2+ 20. Qxe2 Rxe5 21. f4 Re8 22. Kh2 Qd7 23. Rg1 axb4 24. Qg2 g6 25. f5 Qd6+ 26. Kh1 g5 27. h4 g4 28. Qd2 Kh7 29.
axb4 Rxa1 30. Rxa1 Nxe4 31. Qg2 Qxd3 32. Qxg4 Nf2+ 0-1

[Event "*** Titled Tuesday Blitz"]
[Site "Chess.com"]
[Date "2020.04.21"]
[Round "2"]
[White "Kezin_Roman"]
[Black "scaryninja"]
[Result "1-0"]
[WhiteElo "2735"]
[BlackElo "2509"]
[TimeControl "180+1"]
[EndTime "10:16:20 PDT"]
[Termination "Kezin_Roman won by resignation"]

1. d4 Nf6 2. c4 e6 3. g3 Bb4+ 4.
Bd2 a5 5. Bg2 O-O 6. Nf3 d6 7.
O-O Bxd2 8. Qxd2 Nbd7 9. Nc3 Qe7 10. Rac1 Nb6 11. b3 a4 12. c5 dxc5 13. dxc5 Rd8 14. Qg5 h6 15. Qe5 Nbd5 16. Nxa4 Bd7 17. Nc3 Nxc3 18. Qxc3 Rxa2 19. Ne5 Bc8 20. e3 Nd7 21. Nd3 b6 22. Nb4 Ra3 23. Nc6 Qf8 24. Nxd8 Qxd8 25. cxb6 Nxb6 26. Rfd1 Qe7 27. Qxc7 Qxc7 28.
Rxc7 Ba6 29. Ra7 1-0

[Event "*** Titled Tuesday Blitz"]
[Site "Chess.com"]
[Date "2020.04.21"]
[Round "2"]
[White "andy_rekt"]
[Black "binbin239"]
[Result "1-0"]
[WhiteElo "2254"]
[BlackElo "2437"]
[TimeControl "180+1"]
[EndTime "10:16:20 PDT"]
[Termination "andy_rekt won by checkmate"]

1. d4 Nf6 2. c4 g6 3. Nc3 d5 4.
Bf4 Bg7 5. e3 O-O 6. Nf3 c5 7.
dxc5 Qa5 8. Rc1 dxc4 9. Bxc4 Qxc5 10. Bb3 Qa5 11. O-O Nc6 12. h3 Bf5 13. Qe2 Ne4 14. g4 Nxc3 15. bxc3 Be4 16. Ng5 Bd5 17. c4 e5 18. cxd5 exf4 19. Nxf7 Nb4 20. d6 Bf6 21. Rc7 fxe3 22. Ng5+ Kh8 23. Rxh7# 1-0

[Event "*** Titled Tuesday Blitz"]
[Site "Chess.com"]
[Date "2020.04.21"]
[Round "2"]
[White "The_Chess_Coach"]
[Black "Caracternin123"]
[Result "0-1"]
[WhiteElo "2145"]
[BlackElo "2625"]
[TimeControl "180+1"]
[EndTime "10:16:21 PDT"]
[Termination "Caracternin123 won by resignation"]

1. d4 Nf6 2. c4 c5 3. d5 b5 4. Qc2 b4 5. e4 d6 6. b3 g6 7. Bb2 Bg7 8. Nd2 O-O 9. f4 e5 10. dxe6 fxe6 11. Ngf3 Nc6 12. Bd3 Ng4 13. Bxg7 Kxg7 14. Qb2+ Qf6 15. Qxf6+ Rxf6 16. g3 e5 17. h3 Nh6 18. fxe5 dxe5 19. g4 Nf7 20. Ke2 Bb7 21. Rhf1 Rd8 22. Rad1 Rfd6 23. Bc2 Nd4+ 24. Nxd4 exd4 25. Bd3 Re8 26. h4 Ne5 27. g5 Bc8 28. Rde1 Bg4+ 29. Nf3 Rf8 0-1

[Event "*** Titled Tuesday Blitz"]
[Site "Chess.com"]
[Date "2020.04.21"]
[Round "2"]
[White "MateSchmate"]
[Black "tonyq11"]
[Result "1-0"]
[WhiteElo "2461"]
[BlackElo "2235"]
[TimeControl "180+1"]
[EndTime "10:16:22 PDT"]
[Termination "MateSchmate won by resignation"]

1. e4 c5 2. Nf3 e6 3. d4 cxd4 4. Nxd4 Nc6 5. Nc3 a6 6. g3 Bc5 7. Nb3 Ba7 8. Bg2 Nge7 9. O-O O-O 10. Qe2 b5 11. a3 Bb7 12. Be3 Qc7 13. Rad1 Bxe3 14. Qxe3 Ne5 15. Kh1 Nc4 16. Qc1 f5 17. f4 fxe4 18. Bxe4 Nf5 19. Rf3 d5 20. Bxf5 d4 21.
Bxe6+ Kh8 22. Nxd4 Rad8 23. Bg4 Qc5 24. Ne6 Bxf3+ 25.
Bxf3 Qf2 26. Rf1 Qxf1+ 27. Qxf1 Ne3 28. Qf2 1-0